 Dungeon Crawl Stone Soup version 0.21-a0-521-g1cd18d1 (webtiles) character file.

49 slep the Skirmisher (level 3, 0/29 HPs)
             Began as a Demonspawn Monk on Dec 6, 2017.
             Killed from afar by hollowman's ghost (3 damage)
             ... with a magic dart
             ... on level 3 of the Dungeon.
             The game lasted 00:03:27 (1177 turns).

slep the Skirmisher (Demonspawn Monk)               Turns: 1177, Time: 00:03:27

Health: 0/29       AC:  8    Str: 12    XL:     3   Next: 53%
Magic:  3/3        EV: 10    Int: 11    God:
Gold:   14         SH:  0    Dex: 15    Spells: 2/2 levels left

rFire    . . .     SeeInvis .   a - +0 hand axe
rCold    . . .     Gourm    .   (no shield)
rNeg     . . .     Faith    .   i - +0 scale mail
rPois    .         Spirit   .   (no helmet)
rElec    .         Reflect  .   (no cloak)
rCorr    .         Harm     .   o - +1 pair of gloves
MR       .....                  (no boots)
Stlth    ++........             (no amulet)
HPRegen  0.09/turn              g - ring of stealth
MPRegen  0.08/turn              m - ring of wizardry

@: no status effects
A: spiny 1
a: no special abilities


You were on level 3 of the Dungeon.
You were not hungry.

You visited 1 branch of the dungeon, and saw 3 of its levels.

You collected 14 gold pieces.

Inventory:

Hand Weapons
 a - a +0 hand axe (weapon)
Missiles
 k - 2 throwing nets (quivered)
Armour
 b - a +0 robe
 i - a +0 scale mail (worn)
 o - a +1 pair of gloves (worn)
Jewellery
 g - a ring of stealth (left hand)
 m - a ring of wizardry (right hand)
Scrolls
 e - a scroll of remove curse {unknown}
 f - 2 scrolls of enchant weapon {unknown}
 h - a scroll of amnesia {unknown}
 p - 2 scrolls of identify {unknown}
Potions
 l - a potion of curing {unknown}
Comestibles
 c - a bread ration
 d - a royal jelly
 j - a fruit
 n - 2 meat rations


   Skills:
 + Level 3.4 Fighting
 + Level 3.3 Axes
 + Level 0.2 Armour
 + Level 3.0 Dodging
 + Level 2.2 Stealth


You had 2 spell levels left.
You didn't know any spells.

Dungeon Overview and Level Annotations

Branches:
Dungeon (3/15)

Altars:
Dithmenos
Kikubaaqudgha

Annotations:
D:3 2 transporters, hollowman's ghost, amateur DrWz


Innate Abilities, Weirdness & Mutations

You are partially covered in sharp spines.


Message History

Hollowman's ghost casts a spell at you. The magic dart hits you!
You closely miss hollowman's ghost.
Hollowman's ghost is struck by your spines.
Hollowman's ghost hits you.
* * * LOW HITPOINT WARNING * * *
You miss hollowman's ghost.
Hollowman's ghost is lightly damaged.
Hollowman's ghost is struck by your spines.
Hollowman's ghost hits you.
* * * LOW HITPOINT WARNING * * *
You miss hollowman's ghost.
Hollowman's ghost is lightly damaged.
Hollowman's ghost is struck by your spines.
Hollowman's ghost hits you but does no damage.
You miss hollowman's ghost.
Hollowman's ghost is lightly damaged.
Hollowman's ghost gestures at you while chanting.
The magic dart hits you!
You die...

#### #.# .$8## #.#
$%?..#.#.# ...#..#.#.#
...#.#.....#.#.#.#
?..#©......!.#.#.#######
...#.#$....#o#..W.......
...#..#.©.#Sa#?.@##
...#.......sW#....#
...##8.....8##..#.#
....#########...#...
........©......####..#
...###....####.# #...
...# #...## #.# ###.
...###..## #.#
....##...# #.#


You could see a hungry ghost, an orc warrior, a scorpion, a worker ant,
hollowman's ghost and an adder.

Vanquished Creatures
  An adder (D:3)
  A dart slug (D:1)
  A leopard gecko (D:1)
  3 giant cockroaches
  5 goblins
  6 hobgoblins
  4 bats
  7 frilled lizards
  4 kobolds
  4 rats
36 creatures vanquished.

Notes
Turn   | Place    | Note
-------+----------+-------------------------------------------
     0 | D:1      | slep the Demonspawn Monk began the quest for the Orb.
     0 | D:1      | Reached XP level 1. HP: 18/18 MP: 1/1
   469 | D:1      | Gained mutation: You are partially covered in sharp spines. [demonic ancestry]
   469 | D:1      | Reached XP level 2. HP: 23/24 MP: 2/2
   701 | D:1      | Found a shadowy altar of Dithmenos.
   950 | D:2      | Found an ancient bone altar of Kikubaaqudgha.
  1000 | D:2      | Reached XP level 3. HP: 18/29 MP: 3/3
  1115 | D:2      | You fall through a shaft!
  1147 | D:3      | Found a transporter.
  1150 | D:3      | Found a transporter.
  1155 | D:3      | Noticed a hungry ghost
  1155 | D:3      | Noticed a scorpion
  1157 | D:3      | Noticed an orc warrior
  1164 | D:3      | Noticed hollowman's ghost (amateur DrWz)
  1177 | D:3      | Killed from afar by hollowman's ghost

Vault maps used:
D:1:      dpeg_arrival_subterranean_lakeside_camping, kennysheep_flooded_box
D:2:      kiku_gazebo_pond_becter
D:3:      gammafunk_temple_overflow_arena

Skill      XL: |  1  2 |
---------------+-------+-----
Dodging        | 3 |  3.0
Axes           | 3 |  3.3
Stealth        | 2 |  2.2
Fighting       | |  3.4
Armour         | |  0.2

Action                   || total
-------------------------++-------
Melee: Hand axe          ||    87
 Stab: Sleeping          ||     5
  Eat: Chunk             ||     1
Armor: Robe              ||     3
       Scale mail        ||    23
Dodge: Dodged            ||    34

Table legend:
 A = Spawn XP
 B = Non-spawn XP
 C = Spawn XP percentage of total XP
 D = Spawn monster count
 E = Non-spawn monster count
 F = Spawn count percentage of total count
 G = Total turns spent on level
                    A         B        C        D         E        F      G
               +---------+---------+-------+---------+---------+-------+---------
         Total |       0 |      71 |   0.0 |       0 |      36 |   0.0 |  1177
               +---------+---------+-------+---------+---------+-------+---------
           D:1 |       0 |      34 |   0.0 |       0 |      22 |   0.0 |   937
           D:2 |       0 |      13 |   0.0 |       0 |       7 |   0.0 |   178
           D:3 |       0 |      24 |   0.0 |       0 |       7 |   0.0 |    62
               +---------+---------+-------+---------+---------+-------+---------
